 Dungeon Crawl Stone Soup version 0.26-a0-54-g15ccc7ae60 (webtiles) character file.

Game seed: 10355971530254419947

10834 vurker the Ogre Mage (level 11, -1/113 HPs)
             Began as an Ogre Air Elementalist on June 7, 2020.
             Was a Believer of Vehumet.
             Slain by a spectral orc knight
             ... wielding a +0 battleaxe
             ... summoned by Nergalle
              (5 damage)
             ... on level 11 of the Dungeon.
             The game lasted 00:18:43 (13792 turns).

vurker the Ogre Mage (Ogre Air Elementalist)       Turns: 13792, Time: 00:18:43

Health: -1/113     AC:  9    Str: 18    XL:     11   Next: 68%
Magic:  12/25      EV:  5    Int: 19    God:    Vehumet [**....]
Gold:   373        SH: 14    Dex:  9    Spells: 21/31 levels left

rFire    + . .     SeeInvis .   p - +5 flail of the Silent Majority {vorpal, rElec Str+4}
rCold    + . .     Gourm    .   m - +0 tower shield
rNeg     . . .     Faith    .   d - +2 robe {rC+}
rPois    .         Spirit   .   (helmet restricted)
rElec    +         Reflect  .   (no cloak)
rCorr    .         Harm     .   (gloves unavailable)
MR       +....                  (boots unavailable)
Stlth    +.........             r - amulet of the acrobat
HPRegen  0.28/turn              f - +4 ring of protection
MPRegen  0.19/turn              q - ring of protection from fire

@: hasted, heavily drained, very quick
A: large, unfitting armour, tough skin 1
a: Renounce Religion


You were on level 11 of the Dungeon.
You worshipped Vehumet.
Vehumet was pleased with you.
You were not hungry.

You visited 2 branches of the dungeon, and saw 12 of its levels.

You collected 625 gold pieces.
You spent 252 gold pieces at shops.

Inventory:

Hand Weapons
 p - the +5 flail of the Silent Majority (weapon) {vorpal, rElec Str+4}
   (You found it on level 4 of the Dungeon)

   It inflicts extra damage upon your enemies.
   It affects your strength (+4).
   It insulates you from electricity.
Armour
 d - a +2 robe of cold resistance (worn)
   (You took it off Sigmund on level 5 of the Dungeon)
 m - a +0 tower shield (worn)
   (You found it on level 2 of the Dungeon)
Jewellery
 f - a +4 ring of protection (left hand)
   (You found it on level 1 of the Dungeon)
 q - a ring of protection from fire (right hand)
   (You found it on level 3 of the Dungeon)
 r - an amulet of the acrobat (around neck)
   (You found it on level 7 of the Dungeon)
Wands
 c - a wand of disintegration (16)
   (You found it on level 7 of the Dungeon)
 t - a wand of flame (25)
   (You found it on level 5 of the Dungeon)
Scrolls
 a - 4 scrolls of teleportation
 b - 4 scrolls of fear
 g - 6 scrolls of enchant weapon
 h - 4 scrolls of amnesia
 i - 5 scrolls of blinking {unknown}
 k - a scroll of acquirement {unknown}
 n - 6 scrolls of magic mapping
 o - 5 scrolls of remove curse
 u - a scroll of random uselessness {unknown}
 w - 3 scrolls of identify
 x - a scroll of noise {unknown}
 y - a scroll of summoning {unknown}
Potions
 l - a potion of magic
 s - 2 potions of mutation
 v - 8 potions of curing
 B - a potion of brilliance {unknown}
Comestibles
 e - 24 rations


   Skills:
 + Level 8.8(6.6) Fighting
 - Level 1.7(0.0) Dodging
 - Level 1.4(0.0) Stealth
 * Level 7.0(4.9) Shields
 * Level 10.6(8.3) Spellcasting
 + Level 6.1(4.0) Conjurations
 * Level 9.2(7.0) Air Magic


You had 21 spell levels left.
You knew the following spells:

 Your Spells              Type           Power        Failure   Level  Hunger
a - Shock                 Conj/Air       ####         8%          1    None
b - Lightning Bolt        Conj/Air       ####......   91%         5    #####..
c - Airstrike             Air            ####......   38%         4    ###....

Your spell library contained the following spells:

 Spells                   Type           Power        Failure   Level  Hunger
 Sandblast                Erth           #.....       61%         1    None
 Static Discharge         Conj/Air       ####....     24%         3    None
 Swiftness                Chrm/Air       ###.....     26%         2    None
 Animate Skeleton         Necr           N/A          61%         1    None
 Apportation              Tloc           #.....       61%         1    None
 Corona                   Hex            #......      61%         1    None
 Summon Small Mammal      Summ           #...         61%         1    None


Dungeon Overview and Level Annotations

Branches:
Dungeon (11/15)            Temple (1/1) D:7            Lair (0/6) D:11
    Orc: D:9-12

Altars:
Ashenzari
Cheibriados
Dithmenos
Elyvilon
Fedhas
Gozag
Hepliaklqana
Kikubaaqudgha
Makhleb
Okawaru
Qazlal
Ru
Sif Muna
Trog
Uskayaw
Vehumet
Wu Jian
Xom
Yredelemnul
Zin
The Shining One

Shops:
D:7 =   D:8 *   D:10 [

Annotations:
D:7 1 runed translucent door, Hasart's ghost, novice DsNe
D:11 Nergalle


Innate Abilities, Weirdness & Mutations

You are too large for most types of armour.
You have tough skin. (AC +1)


Message History

You block the spectral orc warrior's attack.
You hit Nergalle but do no damage. You block Nergalle's attack.
The spectral orc knight hits you with a +0 battleaxe.
* * * LOW HITPOINT WARNING * * *
You feel drained.
You block the spectral orc warrior's attack.
You thump Nergalle!
Nergalle gestures at you while chanting.
Orcish apparitions take form around you.
The spectral orc knight completely misses you.
You hit Nergalle.
You block the spectral orc warrior's attack.
Nergalle grimaces horribly.
You block Nergalle's attack.
You barely miss Nergalle.
You block the spectral orc knight's attack.
Nergalle hits you with a +0 dagger.
* * * LOW HITPOINT WARNING * * *
You block the spectral orc warrior's attack.
You closely miss Nergalle.
You block the spectral orc knight's attack.
Nergalle hits you with a +0 dagger.
* * * LOW HITPOINT WARNING * * *
You block the spectral orc warrior's attack.
You closely miss Nergalle. You block Nergalle's attack.
The spectral orc knight hits you with a +0 battleaxe!
* * * LOW HITPOINT WARNING * * *
You block the spectral orc warrior's attack.
You hit Nergalle but do no damage. Nergalle hits you with a +0 dagger.
* * * LOW HITPOINT WARNING * * *
The spectral orc knight hits you but does no damage.
You hit Nergalle but do no damage.
You block the spectral orc warrior's attack.
Nergalle hits you but does no damage.
You closely miss Nergalle.
The spectral orc knight hits you but does no damage.
Nergalle casts a spell at you.
Orcish apparitions take form around you.
You block the spectral orc warrior's attack.
Unknown command.
You closely miss Nergalle. Nergalle casts a spell at you.
Orcish apparitions take form around you.
You block the spectral orc knight's attack.
You block the spectral orc warrior's attack.
You hit Nergalle. Nergalle casts a spell at you.
Orcish apparitions take form around you.
The spectral orc knight hits you with a +0 battleaxe.
You die...

##...P.......#.#.###...#.....#
.......................#.....##.
.......>..........).....!..$....
....P.................oo........
#...........#.#[###..##.....##.
#.........##.#)# #..........). #
###)....####.#Z# #..##.#...##.
..#...#..## #.#o# #..##.#.....
#.#...##.#####.#@# .........o...
.............#.#Z#.#............
#.#..........'.ZZZ ##.##
#.#..)##.....#.#.#.
#.#...##.....#.#....
#.#...##.......... ..
..#....#.....#)#.# ##.
..)...)#.....#.#.# .#
#.#..#.#.....#


You could see Nergalle, 3 spectral orcs, a spectral orc warrior (summoned) and a
spectral orc knight (summoned).

Vanquished Creatures
  Erolcha (D:10)
  A hydra (D:10)
  Erica (D:8)
  2 two-headed ogres
  2 ugly things
  A centaur zombie (D:11)
  Prince Ribbit (D:5)
  A troll (D:10)
  2 dream sheep (D:10)
  A hippogriff (D:10)
  Sigmund (D:5)
  11 yaks (D:10)
  3 wargs (D:11)
  A water moccasin (D:8)
  An orc warrior (D:6)
  A sky beast (D:8)
  A hornet zombie (D:9)
  2 ice beasts
  5 big kobolds
  3 bullfrogs
  3 scorpions
  3 killer bees (D:10)
  5 wights (D:5)
  6 howler monkeys
  6 crimson imps
  2 hounds
  A quasit (D:10)
  A bullfrog zombie (D:6)
  4 bullfrog skeletons
  9 orc wizards
  6 orc priests
  3 iguanas
  A centaur skeleton (D:10)
  8 worker ants
  A killer bee zombie (D:10)
  2 hound skeletons
  2 howler monkey skeletons
  7 gnolls
  13 adders
  A shadow imp (D:7)
  2 oozes
  An adder zombie (D:9)
  5 worms
  A dart slug (D:2)
  6 leopard geckos
  35 orcs
  2 giant cockroaches (D:2)
  8 goblins
  5 hobgoblins
  12 jackals
  13 kobolds
  3 quokkas (D:3)
  3 ball pythons
  A ball python skeleton (D:4)
  8 bats
  7 frilled lizards
  A jackal zombie (D:7)
  A quokka zombie (D:10)
  5 rats
245 creatures vanquished.

Notes
Turn   | Place    | Note
-------+----------+-------------------------------------------
     0 | D:1      | vurker the Ogre Air Elementalist began the quest for the
                  | Orb.
     0 | D:1      | Reached XP level 1. HP: 16/16 MP: 3/3
    90 | D:1      | Reached skill level 1 in Conjurations
   178 | D:1      | Reached XP level 2. HP: 26/26 MP: 0/5
   255 | D:1      | Reached skill level 1 in Fighting
   877 | D:1      | Reached XP level 3. HP: 33/33 MP: 5/7
  1000 | D:2      | Reached skill level 3 in Spellcasting
  1791 | D:2      | Reached XP level 4. HP: 42/42 MP: 0/8
  2927 | D:3      | Reached XP level 5. HP: 42/49 MP: 0/10
  3099 | D:3      | Found an ornate altar of the Wu Jian Council.
  3250 | D:3      | Reached skill level 1 in Shields
  3358 | D:3      | Found a faded altar of an unknown god.
  3625 | D:3      | Learned a level 5 spell: Lightning Bolt
  3630 | D:3      | Learned a level 4 spell: Airstrike
  3850 | D:4      | Reached skill level 4 in Spellcasting
  3993 | D:4      | Reached XP level 6. HP: 59/59 MP: 8/12
  4122 | D:4      | Got a warped flail
  4123 | D:4      | Identified the +5 flail of the Silent Majority {vorpal,
                  | rElec Str+4} (You found it on level 4 of the Dungeon)
  4700 | D:5      | Entered Level 5 of the Dungeon
  4987 | D:5      | Reached XP level 7. HP: 53/67 MP: 6/14
  4991 | D:5      | Reached skill level 5 in Spellcasting
  5305 | D:5      | Noticed Sigmund
  5318 | D:5      | Killed Sigmund
  5318 | D:5      | Reached skill level 5 in Air Magic
  5318 | D:5      | Reached XP level 8. HP: 65/78 MP: 4/16
  5661 | D:5      | Noticed Prince Ribbit
  5680 | D:5      | Killed Prince Ribbit
  5680 | D:5      | Reached skill level 6 in Spellcasting
  5938 | D:5      | Found a shimmering blue altar of Sif Muna.
  6135 | D:5      | Reached skill level 5 in Fighting
  7078 | D:6      | Found a glowing silver altar of Zin.
  7078 | D:6      | Found an opulent altar of Gozag.
  7329 | D:6      | Reached XP level 9. HP: 82/88 MP: 8/19
  7360 | D:6      | Reached skill level 7 in Spellcasting
  7713 | D:6      | Found a shattered altar of Ashenzari.
  7713 | D:6      | Found a sacrificial altar of Ru.
  7714 | D:6      | Found a shadowy altar of Dithmenos.
  7807 | D:7      | Found Nuynyfuck's Jewellery Shop.
  7847 | D:7      | Found a runed translucent door.
  7906 | D:7      | Found an ancient bone altar of Kikubaaqudgha.
  7954 | D:7      | Found a staircase to the Ecumenical Temple.
  7964 | Temple   | Entered the Ecumenical Temple
  8275 | Temple   | Became a worshipper of Vehumet
  8510 | D:7      | Noticed Hasart's ghost (novice DsNe)
  8965 | D:8      | Noticed a two-headed ogre
  8979 | D:8      | Noticed Erica
  8983 | D:8      | HP: 4/89 [kobold (3)]
  9337 | D:8      | Killed Erica
  9337 | D:8      | Reached skill level 8 in Spellcasting
  9540 | D:8      | Killed a two-headed ogre
  9540 | D:8      | Reached XP level 10. HP: 36/100 MP: 1/22
  9917 | D:8      | Found Futemn's Assorted Antiques.
  9926 | D:8      | Bought a scroll labeled WYOR TEKEXIC for 24 gold pieces
  9926 | D:8      | Bought a scroll labeled WYOR TEKEXIC for 24 gold pieces
  9926 | D:8      | Bought a scroll labeled IMAES ZILYBA for 24 gold pieces
  9926 | D:8      | Bought a yellow potion for 21 gold pieces
 10178 | D:9      | Found a basalt altar of Yredelemnul.
 10509 | D:9      | Reached skill level 5 in Conjurations
 10511 | D:9      | Reached * piety under Vehumet
 10511 | D:9      | Offered knowledge of Magic Dart by Vehumet.
 10722 | D:9      | Found a bloodstained altar of Trog.
 10724 | D:9      | Found a white marble altar of Elyvilon.
 10794 | D:10     | Entered Level 10 of the Dungeon
 10931 | D:10     | Found Jiukkeri's Antique Armour Emporium.
 10935 | D:10     | Bought a sheer robe for 159 gold pieces
 10945 | D:10     | Identified the cursed +1 robe of the Cicada {Str-4 Dex+8
                  | Stlth+} (You bought it in a shop on level 10 of the
                  | Dungeon)
 10976 | D:10     | Reached skill level 9 in Spellcasting
 10981 | D:10     | Reached skill level 5 in Shields
 11658 | D:10     | Noticed Erolcha
 11690 | D:10     | Killed Erolcha
 11818 | D:10     | Noticed a two-headed ogre
 11833 | D:10     | Killed a two-headed ogre
 11833 | D:10     | Reached XP level 11. HP: 63/111 MP: 5/24
 12239 | D:10     | Noticed a green ugly thing
 12252 | D:10     | Killed a green ugly thing
 12252 | D:10     | Reached skill level 10 in Spellcasting
 12663 | D:10     | Reached ** piety under Vehumet
 12668 | D:10     | Offered knowledge of Sandblast by Vehumet.
 12896 | D:10     | Noticed a two-headed hydra
 12918 | D:10     | Killed a two-headed hydra
 13636 | D:11     | Found a staircase to the Lair.
 13731 | D:11     | Noticed a green ugly thing
 13735 | D:11     | Noticed Nergalle
 13762 | D:11     | Killed a green ugly thing
 13787 | D:11     | HP: 4/113 [spectral orc knight/+0 battleaxe[Nergalle] (14)]
 13792 | D:11     | Slain by a spectral orc knight

Illustrated notes

Levels and vault maps discovered:
D:1:      heliophobic_arrival_dark_side_of_the_moon, layout_basic
D:2:      layout_loops_corners
D:3:      layout_rooms, overflow_temple_1_default,
          chequers_ecumenical_altar_simple_redux, minmay_circle_x
D:4:      minmay_diamond_boxcup, layout_loops_ring
D:5:      layout_loops_ring, lemuel_blue_sif_altar, first_ration, uniq_sigmund,
          uniq_prince_ribbit1
D:6:      layout_basic, grunt_temple_overflow_gold_and_silver, minitemple,
          minivault_24
D:7:      layout_basic, kiku_gazebo_pond_becter,
          minmay_temple_entry_statues_fountains, serial_co_window_serial,
          co_window_paths_b, co_window_paths_b, co_window_paths_b,
          co_window_paths_a, co_window_of_opportunity_a, co_window_broadway_a,
          co_window_corner_ca, co_window_corner_b, co_window_of_opportunity_c,
          co_window_broadway_c, glass_columns_a, glass_columns_a,
          glass_columns_c, ebering_ghost_reflecting_pool, serial_shops, shop
D:8:      layout_rooms, serial_shops, nicolae_shop_waterfront, uniq_erica
D:9:      layout_rooms, nicolae_overflow_hidden_temple
D:10:     layout_roguey, serial_corexii_hall, chequers_hall_statues_wall_a,
          chequers_hall_statues_corner_a, serial_shops, nicolae_shop_crystal,
          minivault_26, hangedman_ranch [blue_anna_fruit_fields], uniq_erolcha
D:11:     layout_basic, erik_lair_orcish_takeover, david_orc_3, uniq_nergalle
Temple:   zaba_magenta_temple

Skill      XL: |  1  2  3  4  5  6  7  8  9 10 11 |
---------------+----------------------------------+-----
Conjurations   | 1 2 3 4 5 6 |  6.1
Fighting       | 1 2 3 4 5 6 8 |  8.8
Air Magic      | 3 4 5 6 7 8 9 |  9.2
Spellcasting   | 3 4 5 6 8 9 10 | 10.6
Shields        | 1 2 3 4 6 7 |  7.0
Dodging        | |  1.7
Stealth        | |  1.4

Action                   |  1- 3 |  4- 6 |  7- 9 | 10-12 || total
-------------------------+-------+-------+-------+-------++-------
Melee: Unarmed           |    15 |       |       |       ||    15
       Dagger            |    47 |    34 |       |       ||    81
       Flail             |       |       |    14 |    33 ||    47
 Cast: Shock             |    75 |   184 |   227 |   296 ||   782
       Airstrike         |       |       |     5 |    31 ||    36
Evoke: Wand              |       |       |     6 |     4 ||    10
  Use: Scroll            |       |       |    10 |     4 ||    14
       Potion            |       |       |     1 |     4 ||     5
  Eat: Chunk             |     3 |    10 |    10 |     9 ||    32
       Ration            |       |       |     1 |     2 ||     3
Armor: Robe              |    22 |    40 |    18 |    76 ||   156
Dodge: Dodged            |    33 |    38 |    60 |    54 ||   185
Block: Tower shield      |       |       |       |   165 ||   165

Table legend:
 A = Non-vault XP
 B = Vault XP
 C = Vault XP percentage of total XP
 D = Non-vault monster count
 E = Vault monster count
 F = Vault count percentage of total count
                 A         B        C        D         E       F
            +---------+---------+-------+---------+---------+-------
      Total |   10097 |    5381 |  34.8 |     212 |      33 |  13.5
            +---------+---------+-------+---------+---------+-------
        D:1 |      34 |       0 |   0.0 |      17 |       0 |   0.0
        D:2 |      69 |       0 |   0.0 |      19 |       0 |   0.0
        D:3 |      86 |      40 |  31.7 |      30 |       6 |  16.7
        D:4 |     158 |      91 |  36.5 |      14 |       5 |  26.3
        D:5 |     908 |     498 |  35.4 |      27 |       2 |   6.9
        D:6 |     768 |       0 |   0.0 |      22 |       0 |   0.0
        D:7 |     131 |       0 |   0.0 |      14 |       0 |   0.0
        D:8 |    1427 |     929 |  39.4 |      11 |       1 |   8.3
        D:9 |     711 |       0 |   0.0 |      20 |       0 |   0.0
       D:10 |    4549 |    3183 |  41.2 |      29 |       9 |  23.7
       D:11 |    1256 |     640 |  33.8 |       9 |      10 |  52.6
            +---------+---------+-------+---------+---------+-------
